 Dungeon Sprint DCSS version 0.32-a0-968-g61e5eb5241 (webtiles) character file.

Game seed: 17936158883897398602

1696 Revguard the Blocker (level 8, 0/68 HPs)
             Began as a Demonspawn Fighter on Apr 18, 2024.
             Was the Champion of Cheibriados.
             Slain by an ironbound frostheart (28 damage)
             ... in the Dungeon (Sprint V: "Ziggurat Sprint").
             The game lasted 00:02:26 (374 turns).

Revguard the Blocker (Demonspawn Fighter)            Turns: 374, Time: 00:02:27

Health: 0/68       AC: 28    Str: 38    XL:     8   Next: 72%
Magic:  13/14      EV: 10    Int: 24    God:    Cheibriados [******]
Gold:   0          SH: 33    Dex: 35    Spells: 7/7 levels left

rFire   . . .        D - +11 Screaming Sword {sonic wave}
rCold   . . .        C - +18 shield of the Gong {Loud rN+ Will+ rCorr EV-5}
rNeg    + . .        B - +15 Maxwell's patent armour {-Cast -Tele rElec Will+ rCorr}
rPois   .            (helmet restricted)
rElec   +            (no cloak)
rCorr   +            (no gloves)
SInv    .            (no boots)
Will    ++...        (no amulet) Stlth
                     z - +6 ring of strength
HPRegen 0.31/turn    v - +6 ring of dexterity
MPRegen 0.14/turn

%: no teleportation, no spellcasting
@: very slow
A: horns 1, sturdy frame 2
a: Renounce Religion, Bend Time, Temporal Distortion, Slouch, Step From Time


You were in the Dungeon.
You worshipped Cheibriados.
Cheibriados was exalted by your worship.
You visited 1 branch

Inventory:

Hand Weapons
 a - a +0 long sword
 D - the +11 Screaming Sword (weapon) {sonic wave}
   (You found it in the Dungeon)
Armour
 b - a +0 scale mail
 c - a +0 buckler
 B - the +15 Maxwell's patent armour (worn) {-Cast -Tele rElec Will+ rCorr}
   (You found it in the Dungeon)

   rElec:     It insulates you from electricity.
   Will+:     It increases your willpower.
   -Cast:     It prevents spellcasting.
   -Tele:     It prevents most forms of teleportation.
   rCorr:     It protects you from acid and corrosion.
 C - the +18 shield of the Gong (worn) {Loud rN+ Will+ rCorr EV-5}
   (You found it in the Dungeon)

   Loud:      It is deafeningly noisy when blocking attacks.
   EV-5:      It affects your evasion (-5).
   rN+:       It protects you from negative energy.
   Will+:     It increases your willpower.
   rCorr:     It protects you from acid and corrosion.
Jewellery
 u - a ring of flight
 v - a +6 ring of dexterity (right hand)
 w - a +6 ring of dexterity
 x - a +6 ring of intelligence
 y - a +6 ring of intelligence
 z - a +6 ring of strength (left hand)
 A - a +6 ring of strength
 E - a ring of fire
 H - a ring of positive energy
Wands
 s - a wand of mindburst (7)
 t - a wand of light (7)
 F - a wand of roots (3)
 G - a wand of polymorph (4)
 I - a wand of flame (11)
Scrolls
 j - 4 scrolls of blinking
 o - 4 scrolls of amnesia
 p - 7 scrolls of fog
 q - 5 scrolls of identify
 r - 2 scrolls of fear
Potions
 d - 6 potions of might
 e - 10 potions of curing
 f - 10 potions of heal wounds
 g - 6 potions of haste
 h - 7 potions of magic
 i - 3 potions of berserk rage
 k - 2 potions of brilliance
 l - 2 potions of invisibility
 m - 4 potions of resistance
Miscellaneous
 n - a lightning rod (4/4)


   Skills:
 + Level 7.6 Fighting
 * Level 8.6 Long Blades
 + Level 6.7 Armour
 + Level 6.0 Dodging
 * Level 8.8 Shields
 + Level 8.7 Invocations
 + Level 6.5 Evocations


You had 7 spell levels left.
You didn't know any spells.
Your spell library contained the following spells:

 Spells                   Type           Power      Damage    Failure   Level
 Necrotise                Necr           0%         1d4       52%         1
 Vampiric Draining        Necr           0%         2d6       88%         3
 Animate Armour           Summ/Erth      0%         N/A       99%         4
 Martyr's Knell           Necr/Summ      0%         N/A       99%         4
 Curse of Agony           Necr           0%         N/A       100%        5
 Lee's Rapid Deconstruct  Erth           0%         3d4*      100%        5
 Dispersal                Tloc           0%         N/A       100%        6
 Gell's Gavotte           Tloc           0%         2d(11-16) 100%        6
 Magnavolt                Erth/Air       0%         3d9       100%        7
 Manifold Assault         Tloc           0%         N/A       100%        7
 Disjunction              Tloc           0%         N/A       100%        8


Dungeon Overview and Level Annotations

Branches:
Dungeon (1/1)

Altars:
Ashenzari
Cheibriados
Dithmenos
Fedhas
Gozag
Hepliaklqana
Kikubaaqudgha
Makhleb
Nemelex Xobeh
Okawaru
Qazlal
Ru
Sif Muna
Trog
Uskayaw
Vehumet
Wu Jian
Xom
Yredelemnul
Beogh
Jiyva
Lugonu

Annotations:
D 1 transporter


Innate Abilities, Weirdness & Mutations

You have a pair of small horns on your head.
Your movements are less encumbered by armour. (ER -4)


Message History

The ironbound frostheart touches you but does no damage.
You block the vault guard's attack.
SHROANNG!
You block the vault guard's attack.
GONNNNG!
The yaktaur wields a +0 arbalest.
The yaktaur shoots a bolt.
The bolt hits you.
Your Long Blades skill increases to level 8!
Your Dodging skill increases to level 6!
Your Invocations skill increases to level 8!
You slice the vault guard!!
The vault guard is severely wounded.
You block the vault guard's attack.
PANG!
You block the vault guard's attack.
GONNNNG!
You block the vault guard's attack.
GONNNNG!
The ironbound frostheart barely misses you.
The yaktaur shoots a bolt.
The bolt hits you!
You slice the vault guard!!
The Screaming Sword roars, "I AM THE PEN!
I AM THE SWORD!
I AM THE HIGHEST LORD!"
You send a blast of sound all around you.
The yaktaur is severely wounded.
The ironbound frostheart is severely wounded.
You kill the vault guard!
Cheibriados appreciates the change of pace.
The vault guard is heavily wounded.
The vault guard is severely wounded.
You block the vault guard's attack.
GONNNNG!
You block the vault guard's attack.
GONNNNG!
You block the ironbound frostheart's attack.
SHROANNG!
The yaktaur shoots a bolt.
The bolt hits you.
The vault guard hits you but does no damage.
The vault guard barely misses you. The ironbound frostheart touches you!
The ironbound frostheart freezes you!!
You die...
Cheibriados appreciates the motionlessness of death.

▓...©...▓
▓▓▓▓▓▓▓▓▓
▓..ß©ß..▓
▓..)/=..▓
▓..)|)..▓
▓.......▓
▓...c...▓
▓..)[p..▓
▓..p@p..▓
▓.▓...▓.▓
▓...©...▓
▓▓▓▓▓▓▓▓▓


You could see 2 vault guards, an ironbound frostheart and a yaktaur.

Vanquished Creatures
  A vault guard (D)
  An ironbound frostheart (D)
  A tarantella (D)
  A jumping spider (D)
  An orc warrior (D)
  An ice beast (D)
  5 scorpions (D)
  2 crimson imps (D)
  A quasit (D)
  4 orc wizards (D)
  A shadow imp (D)
  2 white imps (D)
  2 ufetubi (D)
  An orc (D)
  A ball python zombie (D)
  A quokka simulacrum (D)
26 creatures vanquished.

Notes
Turn   | Place    | Note
-------+----------+-------------------------------------------
     0 | D        | Revguard the Demonspawn Fighter began the quest for the
                  | Orb.
     0 | D        | Reached XP level 1. HP: 18/18 MP: 1/1
     4 | D        | Found a shimmering blue altar of Sif Muna.
     4 | D        | Found a bloodstained altar of Trog.
     4 | D        | Found a sacrificial altar of Ru.
     4 | D        | Found a stormy altar of Qazlal.
     4 | D        | Found an iron altar of Okawaru.
     5 | D        | Found a sparkling altar of Nemelex Xobeh.
     5 | D        | Found a blossoming altar of Fedhas.
     5 | D        | Found the +6 Majin-Bo {spellvamp, MP+6 Int+6}
     5 | D        | Found the +27 heavy crossbow "Sniper" {heavy, Acc+∞ SInv}
     5 | D        | Found the +10 dark maul {heavy}
     5 | D        | Found the +15 Maxwell's patent armour {-Cast -Tele rElec
                  | Will+ rCorr}
     5 | D        | Found the +18 shield of the Gong {Loud rN+ Will+ rCorr
                  | EV-5}
     5 | D        | Found the +16 obsidian axe {drain, demonic, Mesm ^Drain Fly
                  | SInv}
     5 | D        | Found the +7 great mace "Firestarter" {flame, immolate,
                  | rFlCloud rF++}
     5 | D        | Found the +6 shillelagh "Devastator" {shatter}
     5 | D        | Found the +11 plutonium sword {^Contam Stlth-}
     5 | D        | Found the +8 lance "Wyrmbane" {slay drac, rPois rF+ rC+
                  | AC+3}
     5 | D        | Found the +9 sword of Zonguldrok {reap}
     5 | D        | Found the +13 scythe of Curses {drain, curses, ^Drain}
     5 | D        | Found the +9 sword of Power {lifebolt}
     5 | D        | Found the +7 mace of Variability {chaos, chaos arc}
     5 | D        | Found the +11 Singing Sword {sonic wave}
     5 | D        | Found the +8 storm bow {elec, penet}
     7 | D        | Found a transporter.
     7 | D        | Found an ancient bone altar of Kikubaaqudgha.
     7 | D        | Found a viscous altar of Jiyva.
     7 | D        | Found a corrupted altar of Lugonu.
     7 | D        | Found a hazy altar of Hepliaklqana.
     7 | D        | Found a burning altar of Makhleb.
     7 | D        | Found an opulent altar of Gozag.
    61 | D        | Became a worshipper of Cheibriados the Contemplative
    65 | D        | Gained mutation: Your movements are slightly less
                  | encumbered by armour. (ER -2) [demonic ancestry]
    65 | D        | Reached XP level 2. HP: 25/25 MP: 1/4
    97 | D        | Entered arena 2.
    97 | D        | Noticed a scorpion
    97 | D        | Noticed a jumping spider
    97 | D        | Found a transporter.
   101 | D        | Killed a scorpion
   102 | D        | Reached XP level 3. HP: 26/31 MP: 4/6
   102 | D        | Killed a jumping spider
   102 | D        | Reached * piety under Cheibriados
   103 | D        | Reached skill level 5 in Fighting
   103 | D        | Reached skill level 5 in Long Blades
   103 | D        | Reached skill level 5 in Shields
   103 | D        | Reached skill level 5 in Invocations
   103 | D        | Reached XP level 4. HP: 34/39 MP: 4/8
   103 | D        | Reached XP level 5. HP: 38/44 MP: 4/9
   147 | D        | Entered arena 3.
   147 | D        | Noticed an ice beast
   147 | D        | Found a transporter.
   151 | D        | Killed an ice beast
   151 | D        | Reached ** piety under Cheibriados
   152 | D        | Reached skill level 5 in Armour
   152 | D        | Gained mutation: You have a pair of small horns on your
                  | head. [demonic ancestry]
   152 | D        | Reached XP level 6. HP: 42/52 MP: 10/10
   183 | D        | Entered arena 4.
   183 | D        | Found a transporter.
   185 | D        | Reached *** piety under Cheibriados
   187 | D        | Reached **** piety under Cheibriados
   197 | D        | Entered arena 5.
   197 | D        | Found a transporter.
   199 | D        | Reached ***** piety under Cheibriados
   210 | D        | Entered arena 6.
   210 | D        | Noticed a tarantella
   210 | D        | Found a transporter.
   214 | D        | Killed a tarantella
   214 | D        | Reached ****** piety under Cheibriados
   215 | D        | Reached skill level 5 in Dodging
   215 | D        | Reached skill level 5 in Evocations
   215 | D        | Reached XP level 7. HP: 41/59 MP: 10/12
   351 | D        | Entered arena 7.
   352 | D        | Found a transporter.
   357 | D        | Gained mutation: Your movements are less encumbered by
                  | armour. (ER -4) [demonic ancestry]
   357 | D        | Reached XP level 8. HP: 64/67 MP: 13/13
   366 | D        | Entered arena 8.
   366 | D        | Found the +3 giant club "Skullcrusher" {speed, Str+7}
   366 | D        | Noticed an ironbound frostheart
   366 | D        | Noticed a yaktaur
   366 | D        | Noticed an ironbound frostheart
   366 | D        | Noticed a vault guard
   366 | D        | Noticed a vault guard
   366 | D        | Noticed a vault guard
   367 | D        | Found a transporter.
   372 | D        | Killed an ironbound frostheart
   374 | D        | Killed a vault guard
   374 | D        | Slain by an ironbound frostheart

Illustrated notes

Levels and vault maps discovered:
D:        sprint_v [room_start, room_1, room_2, room_3, room_4, room_5, room_6,
          room_7, room_8, room_9, room_10, room_11, room_12, room_13, room_14,
          room_15, room_16, room_17, room_18, room_19, room_20, room_21,
          room_22, room_23, room_24, room_25, room_26, room_27]

Skill      XL: |  1  2  3  4  5  6  7  8 |
---------------+-------------------------+-----
Fighting       | 4 5 6 7 |  7.6
Long Blades    | 3 5 6 7 8 |  8.6
Armour         | 3 4 5 6 |  6.7
Dodging        | 2 3 4 5 6 |  6.0
Shields        | 3 4 5 6 7 8 |  8.8
Invocations    | 3 4 5 6 7 8 |  8.7
Evocations     | 2 3 4 5 6 |  6.5

Action                     |  1- 3 |  4- 6 |  7- 9 || total
---------------------------+-------+-------+-------++-------
  Melee: Double sword      |     4 |    11 |    13 ||    28
         Headbutt          |       |     2 |     2 ||     4
    Use: Potion            |     1 |       |       ||     1
 Armour: Plate armour      |     8 |    16 |    16 ||    40
  Dodge: Dodged            |       |     4 |     6 ||    10
  Block: Kite shield       |     9 |    31 |    31 ||    71

Table legend: (Time is in decaauts)
 A = Elapsed time spent in this place.
 B = Non-inter-level travel time spent in this place.
 C = Inter-level travel time spent in this place.
 D = Time resting spent in this place.
 E = Time spent auto-exploring this place.
 F = Levels seen in this place.
 G = Mean time per level.
                   A        B        C        D        E       F      G
               +--------+--------+--------+--------+--------+-----+--------+
         Total |    418 |    418 |      0 |    210 |      0 |   1 |  418.0 |
       Dungeon |    418 |    418 |      0 |    210 |      0 |   1 |  418.0 |
               +--------+--------+--------+--------+--------+-----+--------+

Top non-repeatable levels by time:
       D: 418 daAuts
